 Dungeon Crawl Stone Soup version 0.31-a0-230-g09eb5fc4d3 (webtiles) character file.

Game seed: 8433079657391737280

109 qw the Shooter (level 4, -9/37 HPs)
             Began as a Minotaur Hexslinger on July 6, 2023.
             Killed by divine providence
             ... invoked by an orc priest
              (10 damage)
             ... on level 3 of the Dungeon.
             The game lasted 00:00:44 (1648 turns).

qw the Shooter (Minotaur Hexslinger)                Turns: 1648, Time: 00:00:44

Health: -9/37      AC:  3    Str: 12    XL:     4   Next: 60%
Magic:  4/4        EV: 12    Int: 10    God:
Gold:   101        SH:  0    Dex: 15    Spells: 4/5 levels left

rFire   . . .        Y - +2 sling
rCold   . . .        (no shield)
rNeg    . . .        e - +0 leather armour
rPois   .            (helmet restricted)
rElec   .            (no cloak)
rCorr   .            (no gloves)
SInv    .            (no boots)
Will    .....        d - amulet of regeneration
Stlth   +            (no ring)
HPRegen 1.06/turn    (no ring)
MPRegen 0.09/turn

%: no passive effects
@: no status effects
A: horns 2, retaliatory headbutt
a: no special abilities


You were on level 3 of the Dungeon.
You visited 1 branch of the dungeon, and saw 3 of its levels.

You collected 101 gold pieces.


Innate Abilities, Weirdness & Mutations

You have a pair of horns on your head.
You reflexively headbutt those who attack you in melee.


   Skills:
 + Level 2.3 Fighting
 - Level 5.0 Ranged Weapons
 - Level 2.1 Dodging
 - Level 1.0 Spellcasting
 - Level 2.0 Hexes


You had 4 spell levels left.
You knew the following spells:

 Your Spells              Type           Power      Damage    Failure   Level
a - Slow                  Hex            16%        N/A       19%         1

Your spell library contained the following spells:

 Spells                   Type           Power      Damage    Failure   Level
 Inner Flame              Hex/Fire       2%         N/A       65%         3
 Portal Projectile        Hex/Tloc       4%         N/A       65%         3
 Cause Fear               Hex            2%         N/A       88%         4

Inventory:

Hand Weapons
 Y - a +2 sling (weapon)
Armour
 e - a +0 leather armour (worn)
Jewellery
 d - an amulet of regeneration (around neck)
Scrolls
 b - a scroll of fog {unknown}
Potions
 a - a potion of curing {unknown}
 f - a potion of berserk rage {unknown}

Dungeon Overview and Level Annotations

Branches:
Dungeon (3/15)

Altars:
Qazlal

Shops:
D:1 :


Message History

The sling bullet barely misses the gnoll.
The gnoll closely misses you.
An orc comes into view. It is wielding a +0 flail.
An orc wizard comes into view. It is wielding a +1 vampiric dagger.
You shoot a sling bullet. The orc shouts!
The sling bullet hits the gnoll!
The gnoll is severely wounded.
You hear a shout!
The gnoll misses you.
An orc priest comes into view. It is wielding a +0 dagger.
You shoot a sling bullet.
The sling bullet closely misses the gnoll.
The sling bullet completely misses the orc wizard.
The gnoll hits you with a +0 flail of protection!
You shoot a sling bullet. The sling bullet hits the gnoll.
The gnoll is almost dead.
The gnoll closely misses you.
You shoot a sling bullet. The sling bullet hits the gnoll.
You kill the gnoll!
The orc hits you with a +0 dagger.
The orc wizard mumbles some strange words.
The orc wizard flickers and vanishes!
Deactivating autopickup; reactivate with Ctrl-A.
You shoot a sling bullet.
The sling bullet barely misses the orc. x2
The orc priest calls down the wrath of Beogh upon you.
Beogh smites you!
You shoot a sling bullet. The sling bullet hits the orc.
The orc is lightly wounded.
The orc closely misses you.
You shoot a sling bullet. The sling bullet hits the orc.
The orc is heavily wounded.
The orc barely misses you. You furiously retaliate!
You headbutt the orc!
You kill the orc!
You shoot a sling bullet. The sling bullet hits the orc priest.
The orc priest is moderately wounded.
The orc hits you with a +0 flail.
The orc priest calls down the wrath of Beogh upon you.
Beogh smites you!
You die...

............##........#
.....................#
.....................#
####................##
##........~~........
#####....~..~~~~.......#
........~#####~~...#####
........~#~~~~~~...#
......)@~~~>8~~....#
......oo~#~_.~....##
.......).#~~~~#....#####
...)...~.#~~#~#........#
.......)...~~~~~.......#
...........~~~...).....#
...........~...........#
###.#.#....####.....####
#####.#


You could see an orc priest and an orc.

Vanquished Creatures
  2 adders
  3 gnolls (D:3)
  4 worms (D:2)
  An orc (D:3)
  2 ball pythons
  4 endoplasms
  5 giant cockroaches
  2 hobgoblins
  7 quokkas
  5 bats
  A frilled lizard (D:2)
  4 goblins
  4 kobolds
  6 rats
50 creatures vanquished.

Notes
Turn   | Place    | Note
-------+----------+-------------------------------------------
     0 | D:1      | qw the Minotaur Hexslinger began the quest for the Orb.
     0 | D:1      | Reached XP level 1. HP: 16/16 MP: 1/1
     0 | D:1      | 0 ||| qw: Version: 0.3-a-46-gb1f654a
     0 | D:1      | 0 ||| qw: Game counter: 1749
     0 | D:1      | 0 ||| qw: Melee chars always use a shield: true
     0 | D:1      | 0 ||| qw: God list: Okawaru
     0 | D:1      | 0 ||| qw: Allow faded altars: false
     0 | D:1      | 0 ||| qw: Do Orc after clearing Dungeon:15 true
     0 | D:1      | 0 ||| qw: Do second Lair branch before Depths: true
     0 | D:1      | 0 ||| qw: Lair rune preference: random
     0 | D:1      | 0 ||| qw: Goals: Normal
     0 | D:1      | 0 ||| PLANNING D:1-11
   215 | D:1      | Reached skill level 3 in Ranged Weapons
   215 | D:1      | Reached XP level 2. HP: 23/23 MP: 2/2
   356 | D:1      | Found Xulit's Book Emporium.
   773 | D:1      | 773 ||| UPGRADING to amulet of regeneration.
   778 | D:1      | 778 ||| READING scroll labelled TIYZIKHLIBOL.
   779 | D:1      | 779 ||| READING scroll labelled ITRACUQOAN.
   780 | D:1      | 780 ||| READING scroll labelled TASAIGENOM.
   781 | D:1      | 781 ||| DROPPING scroll of poison.
   935 | D:2      | Reached XP level 3. HP: 27/29 MP: 3/3
   977 | D:2      | Reached skill level 4 in Ranged Weapons
  1433 | D:2      | Identified the +9 mace of Beogh, Hurling {heavy, rPois rF-
                  | Str+2 Int+2}
  1434 | D:2      | 1434 ||| UPGRADING to +0 leather armour.
  1444 | D:2      | 1444 ||| DROPPING +0 robe.
  1445 | D:2      | 1445 ||| READING scroll labelled FIAHIU ALILIE.
  1446 | D:2      | 1446 ||| READING scroll labelled IDANAL KO UKI.
  1479 | D:3      | 1479 ||| STAIRDANCE
  1482 | D:2      | Reached XP level 4. HP: 31/36 MP: 4/4
  1556 | D:3      | Found a stormy altar of Qazlal.
  1639 | D:3      | Reached skill level 5 in Ranged Weapons
  1645 | D:3      | HP: 3/36 [orc priest/divine providence (13)]
  1648 | D:3      | HP: 1/37 [orc/+0 flail (6)]
  1648 | D:3      | Killed from afar by an orc priest

Levels and vault maps discovered:
D:1:      nicolae_arrival_memento_mori, layout_basic, serial_shops,
          nicolae_shop_peninsula
D:2:      layout_loops_ring, nicolae_wormholes
D:3:      layout_basic, nicolae_dithmenos_the_darkroom,
          nicolae_qazlal_general_emergency, mainiacjoe_overflow_24_doors,
          shapermc_ecumenical_altar_hornbeckon

Skill      XL: |  1  2  3  4 |
---------------+-------------+-----
Ranged Weapons | 3 4 5 |  5.0
Fighting       | 2 |  2.3
Dodging        | |  2.1
Spellcasting   | |  1.0
Hexes          | |  2.0

Action                     |  1- 3 |  4- 6 || total
---------------------------+-------+-------++-------
   Fire: Sling             |   147 |    34 ||   181
    Use: Scroll            |     5 |       ||     5
 Armour: Robe              |    14 |       ||    14
         Leather armour    |     2 |       ||     2
  Dodge: Dodged            |    44 |     9 ||    53

Table legend:
 A = Non-vault XP
 B = Vault XP
 C = Vault XP percentage of total XP
 D = Non-vault monster count
 E = Vault monster count
 F = Vault count percentage of total count
                 A         B        C        D         E       F
            +---------+---------+-------+---------+---------+-------
      Total |     147 |      10 |   6.4 |      48 |       2 |   4.0
            +---------+---------+-------+---------+---------+-------
        D:1 |      29 |       0 |   0.0 |      19 |       0 |   0.0
        D:2 |      47 |      10 |  17.5 |      17 |       2 |  10.5
        D:3 |      71 |       0 |   0.0 |      12 |       0 |   0.0
            +---------+---------+-------+---------+---------+-------
